 Dungeon Crawl Stone Soup version 0.19-a0-28-g8794423 (webtiles) character file.

5962 CyborgNinja the Cleaver (level 10, 0/70 HPs)
             Began as a Gargoyle Gladiator on May 2, 2016.
             Was a High Priest of Okawaru.
             Slain by an unseen horror (8 damage)
             ... on level 9 of the Dungeon.
             The game lasted 00:15:12 (9396 turns).

CyborgNinja the Cleaver (Gargoyle Gladiator)        Turns: 9396, Time: 00:15:12

Health: 0/70       AC: 19    Str: 20    XL:     10   Next: 84%
Magic:  10/10      EV: 14    Int:  8    God:    Okawaru [*****.]
Gold:   425        SH:  0    Dex: 13    Spells: 0 memorised, 9 levels left

rFire  . . .     SeeInvis .     a - +1 war axe
rCold  + . .     Gourm    .     g - +0 ring mail
rNeg   + . .     Faith    .     (no shield)
rPois  ∞         Spirit   .     c - +0 helmet
rElec  +         Dismiss  .     v - +0 cloak
rCorr  .         Reflect  .     (no gloves)
SustAt .         Harm     .     j - +0 pair of boots
MR     .....     Clarity  +     (no amulet)
Stlth  +.........               (no ring)
                                A - +2 ring of protection

@: not resistant to hostile enchantments, very unstealthy
A: berserk 1, clarity, cold resistance 1, negative energy resistance 1, robust
1, electricity resistance, unbreathing, petrification resistance, rot immunity,
AC +7
a: Heroism, Finesse, Renounce Religion


You were on level 9 of the Dungeon.
You worshipped Okawaru.
Okawaru was extremely pleased with you.
You were hungry.

You visited 1 branch of the dungeon, and saw 9 of its levels.

You collected 425 gold pieces.

Inventory:

Hand Weapons
 a - a +1 war axe (weapon)
Missiles
 d - 7 throwing nets (quivered)
 t - 5 javelins
Armour
 c - a +0 helmet (worn)
 g - a +0 ring mail (worn)
 j - a +0 pair of boots (worn)
 v - a +0 cloak (worn)
Jewellery
 s - an uncursed ring of ice
 A - a +2 ring of protection (left hand)
Wands
 p - a wand of iceblast (7/15)
 E - a wand of lightning (9/15)
Scrolls
 b - 2 scrolls of blinking
 e - 2 scrolls of immolation
 i - 2 scrolls of remove curse
 l - 2 scrolls of enchant weapon
 n - 4 scrolls of teleportation
 y - 3 scrolls of fear
 z - a scroll of recharging
 I - 2 scrolls of identify
Potions
 h - 2 potions of might
 m - a potion of flight
 q - 2 potions of magic
 r - a potion of berserk rage {unknown}
 u - a potion of haste
 w - a potion of cancellation
 x - 2 potions of brilliance
 B - a potion of ambrosia
 G - 2 potions of cure mutation
 H - a potion of curing
Books
 D - a Fen Folio

   Spells                             Type                      Level
   a - Corpse Rot                     Necromancy                   2
   b - Stone Arrow                    Conjuration/Earth            3
   c - Leda's Liquefaction            Hexes/Earth                  4
   d - Summon Forest                  Summoning/Translocation      5
   e - Hydra Form                     Transmutation                6
   f - Summon Hydra                   Summoning                    7
Comestibles
 f - 9 bread rations
 k - 4 beef jerkies
 o - 3 meat rations
 C - 5 chunks of flesh
 F - 7 slices of pizza
 J - 3 fruits


   Skills:
 - Level 8.1 Fighting
 + Level 10.7 Axes
 - Level 1.7 Throwing
 - Level 5.8 Armour
 + Level 6.2 Dodging


You had 9 spell levels left.
You didn't know any spells.

Dungeon Overview and Level Annotations

Branches:
Dungeon (9/15)             Temple (0/1) D:4
   Lair: D:8-11         Orc: D:9-12

Altars:
Cheibriados
Kikubaaqudgha
Makhleb
Nemelex Xobeh
Okawaru
Pakellas
Sif Muna
Xom
Zin


Innate Abilities, Weirdness & Mutations

You are resistant to torment.
Your stone body is resilient (AC +7).
You are immune to poison.
You resist negative energy.
You are resistant to electric shocks.
You can survive without breathing.
You are immune to petrification.
You are immune to rotting.
You tend to lose your temper in combat.
You possess an exceptional clarity of mind.
Your flesh is cold resistant.
You are robust (+10% HP).


Message History

Something hits you but does no damage. Something hits you but does no damage.
Something hits you.
* * * LOW HITPOINT WARNING * * *
Something hits you but does no damage. Something hits you but does no damage.
Something hits you but does no damage.
You miss something. Something hits you but does no damage.
Something hits you but does no damage. x3
Something hits you but does no damage.
You hit something. Something hits you but does no damage.
You closely miss something. Something hits you but does no damage.
Something hits you but does no damage. Something hits you!
* * * LOW HITPOINT WARNING * * *
Something hits you but does no damage. Something hits you but does no damage.
You hit something but do no damage. Something hits you but does no damage.
Something hits you!
You die...

#..........## #########...#
############ ##### #...#
)..........#####...# #...#
.####......#...#...# #...#
.#..#......#...#...# #..##
.#..#......#...'...##### #..#
.#..#.######...###.....######..#
##..###.........@#.............#
..........######.#............##
..........#..>.#.#............#
..........#....#.###..........#
..........#....#...#..........#
..........#....#...#..........#
..........#....'...#.......####
..........'....#...#.......#
..........######...#.......#


There were no monsters in sight!

Vanquished Creatures
  A two-headed ogre (D:9)
  Grinder (D:3)
  A hog (D:8)
  9 yaks
  A human (D:8)
  2 hungry ghosts
  Menkaure (D:5)
  6 ice beasts
  2 phantoms
  4 sky beasts
  A black bear (D:6)
  5 ogres
  A crocodile (D:8)
  3 centaurs
  Blork the orc (D:4)
  A big kobold (D:7)
  3 giant frogs
  5 killer bees (D:7)
  A jelly (D:7)
  A howler monkey (D:8)
  3 crimson imps
  2 giant frog zombies
  An orc priest (D:4)
  2 giant frog skeletons
  Crazy Yiuf (D:3)
  2 hounds (D:8)
  5 orc wizards
  6 worker ants
  2 sheep (D:8)
  2 worker ant zombies (D:4)
  3 howler monkey zombies
  14 adders
  11 gnolls
  A shadow imp (D:5)
  2 adder skeletons
  2 adder zombies
  6 worms
  A dart slug (D:2)
  2 giant geckos
  27 orcs
  3 ball pythons
  2 giant cockroaches (D:1)
  13 goblins
  7 hobgoblins
  8 jackals
  11 kobolds
  A quokka (D:5)
  4 bats
  A giant cockroach zombie (D:4)
  A giant gecko skeleton (D:6)
  4 giant newts
  A quokka skeleton (D:9)
  5 rats
206 creatures vanquished.

Notes
Turn   | Place    | Note
--------------------------------------------------------------
     0 | D:1      | CyborgNinja the Gargoyle Gladiator began the quest for the Orb.
     0 | D:1      | Reached XP level 1. HP: 12/12 MP: 1/1
   268 | D:1      | Reached skill level 3 in Axes
   268 | D:1      | Reached skill level 1 in Armour
   268 | D:1      | Reached XP level 2. HP: 17/17 MP: 2/2
   692 | D:2      | Reached XP level 3. HP: 13/21 MP: 3/3
   704 | D:2      | Reached XP level 4. HP: 9/26 MP: 4/4
   988 | D:2      | Found a snail-covered altar of Cheibriados.
  1529 | D:2      | Found a shimmering altar of Xom.
  1530 | D:2      | Found a shimmering altar of Xom.
  1532 | D:2      | Found a shimmering altar of Xom.
  1533 | D:2      | Found a shimmering altar of Xom.
  1724 | D:2      | Reached skill level 4 in Axes
  1847 | D:3      | Reached XP level 5. HP: 30/30 MP: 5/5
  1928 | D:3      | Noticed Grinder
  1943 | D:3      | Killed Grinder
  1943 | D:3      | Reached XP level 6. HP: 13/35 MP: 6/6
  2201 | D:3      | Noticed Crazy Yiuf
  2204 | D:3      | Paralysed by Crazy Yiuf for 4 turns
  2213 | D:3      | Killed Crazy Yiuf
  2213 | D:3      | Reached skill level 5 in Axes
  2320 | D:3      | Found a sparkling altar of Nemelex Xobeh.
  2415 | D:3      | Found an iron altar of Okawaru.
  2431 | D:3      | Became a worshipper of Warmaster Okawaru
  2703 | D:3      | Reached skill level 5 in Armour
  3052 | D:4      | Noticed a phantom
  3089 | D:4      | Killed a phantom
  3089 | D:4      | Reached XP level 7. HP: 13/40 MP: 7/7
  3598 | D:4      | Reached * piety under Okawaru
  3598 | D:4      | Reached skill level 6 in Axes
  3793 | D:4      | HP: 1/41 [ogre/giant club (8)]
  3794 | D:4      | Reached XP level 8. HP: 1/48 MP: 8/8
  4619 | D:4      | Found a staircase to the Ecumenical Temple.
  4619 | D:4      | Noticed Blork the orc
  4627 | D:4      | Killed Blork the orc
  4882 | D:4      | Found a burning altar of Makhleb.
  4990 | D:5      | Entered Level 5 of the Dungeon
  5078 | D:5      | Reached skill level 7 in Axes
  5086 | D:5      | Reached skill level 5 in Fighting
  5160 | D:5      | Noticed Menkaure
  5171 | D:5      | Killed Menkaure
  5171 | D:5      | Reached ** piety under Okawaru
  5613 | D:6      | Reached XP level 9. HP: 32/56 MP: 9/9
  5613 | D:6      | Reached skill level 8 in Axes
  5932 | D:6      | Found an oddly glowing altar of Pakellas.
  6661 | D:7      | Reached *** piety under Okawaru
  7419 | D:7      | Reached skill level 9 in Axes
  7713 | D:8      | Reached **** piety under Okawaru
  7713 | D:8      | Reached XP level 10. HP: 31/64 MP: 10/10
  8213 | D:8      | Found a glowing silver altar of Zin.
  8399 | D:8      | Reached skill level 10 in Axes
  8608 | D:8      | Found a deep blue altar of Sif Muna.
  8703 | D:8      | Reached skill level 5 in Dodging
  8707 | D:8      | Gained mutation: Your flesh is cold resistant. [mutagenic meat]
  8708 | D:8      | Gained mutation: You are robust (+10% HP). [mutagenic meat]
  8709 | D:8      | Gained mutation: You possess an exceptional clarity of mind. [mutagenic meat]
  8711 | D:8      | Gained mutation: You tend to lose your temper in combat. [mutagenic meat]
  8781 | D:9      | Found an ancient bone altar of Kikubaaqudgha.
  8912 | D:9      | Received a gift from Okawaru
  9264 | D:9      | Reached ***** piety under Okawaru
  9264 | D:9      | Received a gift from Okawaru
  9396 | D:9      | Slain by an unseen horror

Vault maps used:
D:1:      minmay_arrival_doors
D:2:      wad_crossroads, kennysheep_slug_shrine, xom_redecorated
D:3:      old_standard_altar, hangedman_feature_mirror, nemelex_deck,
          uniq_crazy_yiuf_cottage, uniq_grinder
D:4:      lemuel_coloured_pillars_altar, minmay_temple_entry_nine_rooms,
          serial_undead, serial_undead_c, serial_undead_b, serial_undead_b,
          serial_undead_f, first_bread, uniq_blork_the_orc
D:5:      minivault_14, kennysheep_generic_room_15, uniq_menkaure
D:6:      nicolae_overflow_crystal_walls, serial_glass, glass_columns_c,
          glass_columns_a, hangedman_abyss_or_decor_lesser_grid,
          grunt_ministairs_10
D:7:      serial_glass, glass_columns_b, glass_columns_b, feat_on_display
D:8:      zin_academy, basic_altar, grunt_livestock
D:9:      erik_lair_dragon, minmay_orc_entry_temple_small, basic_altar

Skill      XL: |  1  2  3  4  5  6  7  8  9 10 |
---------------+-------------------------------+-----
Axes           | 3 4 5 6 7 9 10 | 10.7
Armour         | 1 2 3 4 5 |  5.8
Fighting       | 3 6 8 |  8.1
Dodging        | 3 6 |  6.2
Throwing       | |  1.7

Action                   |  1- 3 |  4- 6 |  7- 9 | 10-12 || total
-------------------------+-------+-------+-------+-------++-------
Melee: War axe           |    60 |   208 |   481 |   176 ||   925
  Use: Scroll            |       |     9 |    10 |     2 ||    21
       Potion            |       |     1 |     1 |       ||     2
  Eat: Chunk             |       |     7 |    16 |     8 ||    31
       Pizza             |       |       |     3 |       ||     3
       Meat ration       |       |       |     2 |       ||     2
Armor: Ring mail         |    26 |    97 |   312 |   163 ||   598
       Leather armour    |     3 |       |       |       ||     3
Dodge: Dodged            |    46 |   118 |   312 |   130 ||   606
